groovejumper, chaotic female human Monk --------- |.......| ------------ |........# ##.>..........# ------ #........|# # |..^.......|# #..)..| ---------- ----.--- ### # --.---------# #|....| |.........## ## # # ###### # #|....| |........|## # ### # # # #------ |... .### ## # # ### # # ---- # ### ----------- # # # ### ### # |.......... # ## # # # -----------.- ##...(.......|# -----.-### ###|...*..#.%..+ |....(......# |.....-# # ------ #...)%..#.(# | +..........| |%....| ##.....| |.{...%.(...| -------|---- |@....| |....| ------------- # |'.....####-....| |.....| |....| |.....| ------ ------- groovejumper the Student of Stones Experience level: 12 Strength: 18/01 Dexterity: 17 Constitution: 18 Intelligence: 13 Wisdom: 13 Charisma: 10 Health: 88(89) Energy: 47(47) AC: -8 Gold: 0 Moves: 23974 Your Inventory: Amulets R - an uncursed amulet of reflection (being worn) Weapons h - 6 blessed +2 thirsty throwing stars [shuriken] (in quiver) I - 2 blessed corroded +2 thirsty throwing stars [shuriken] Armor c - a blessed +5 Hawaiian shirt (being worn) d - a blessed +4 robe (being worn) e - an uncursed burnt +2 pair of leather gloves (being worn) f - a blessed +0 dwarvish iron helm (being worn) g - a blessed +1 pair of iron shoes (being worn) Comestibles z - an uncursed lizard corpse Scrolls C - an uncursed scroll of teleportation Rings p - an uncursed ring of conflict x - an uncursed ring of slow digestion (on right hand) E - an uncursed ring of levitation Wands N - an uncursed wand of cold [0:2] Tools b - a blessed bag named holding [of holding] u - an uncursed [+0] unicorn horn w - an uncursed sack F - an uncursed key [skeleton key] T - an uncursed towel Gems r - 2 [uncursed] gray stones [flint] s - an [uncursed] gray stone [luckstone] P - 2 uncursed gray stones named luck or flint [flint] Contents of the bag of holding named holding: 6086 gold pieces 16 uncursed [+0] throwing stars [shuriken] a [blessed +0] cloak of displacement an [uncursed] +0 pair of boots called water walking? [kicking] 7 [uncursed] cream pies 11 uncursed food rations an [uncursed] melon an [uncursed] sprig of wolfsbane a blessed scroll called earth [of earth] a cursed scroll called earth [of earth] an uncursed scroll labeled ABRA KA DABRA [of flood] 3 uncursed scrolls labeled EIRIS SAZUN IDISI [of enchant weapon] 3 uncursed scrolls labeled FOOBIE BLETCH [of confuse monster] an uncursed scroll labeled GARVEN DEH [of food detection] an uncursed scroll labeled LOREN IPSUM [of magic mapping] a cursed scroll of charging 2 uncursed scrolls of create monster a cursed scroll of create monster 2 cursed scrolls of gold detection 4 uncursed scrolls of teleportation 2 cursed scrolls of teleportation 2 uncursed unlabeled scrolls [of blank paper] a cursed unlabeled scroll [of blank paper] an [uncursed] spellbook of magic mapping a blessed black potion [of hallucination] an uncursed brown potion [of see invisible] an [uncursed] brown potion [of see invisible] an uncursed dark green potion [of gain energy] an [uncursed] magenta potion [of gain level] an uncursed milky potion [of confusion] an [uncursed] milky potion [of confusion] 2 uncursed ochre potions [of restore ability] a cursed ochre potion [of restore ability] a [cursed] ochre potion [of restore ability] 14 blessed potions called water [of holy water] an [uncursed] potion called water [of water] an [uncursed] potion of full healing 2 cursed potions of healing a [blessed] potion of healing a cursed potion of polymorph a [cursed] potion of speed 2 cursed puce potions [of gain ability] an [uncursed] ruby potion [of invisibility] an uncursed soapy potion [of levitation] an uncursed sparkling potion [of booze] a cursed sparkling potion [of booze] a [blessed] sparkling potion [of booze] an uncursed white potion [of extra healing] an [uncursed] white potion [of extra healing] a [blessed] white potion [of extra healing] a cursed [-1] amber ring [of increase accuracy] an [uncursed] ceramic ring [of protection from shape changers] an [uncursed] diamond ring [of regeneration] an [uncursed] diamond ring [of regeneration] an [uncursed] engagement ring [of teleport control] an [uncursed] engagement ring [of teleport control] an [uncursed +2] plastic ring [of gain intelligence] a cursed -2 ring of adornment an uncursed ring of cold resistance a cursed ring of cold resistance a cursed -2 ring of gain constitution a [blessed +1] ring of gain constitution a [blessed +1] ring of gain constitution a [blessed +1] ring of gain constitution an uncursed +1 ring of gain strength a cursed ring of invisibility an [uncursed] ring of levitation an uncursed +1 ring of protection an [uncursed] ring of slow digestion a [cursed] sapphire ring [of hunger] an [uncursed] shiny ring [of sustain ability] an [uncursed] shiny ring [of sustain ability] an [uncursed] shiny ring [of sustain ability] a cursed topaz ring [of teleportation] a [cursed] topaz ring [of teleportation] an [uncursed] topaz ring [of teleportation] an uncursed wand of cold [0:4] a cursed wand of cold [0:6] an uncursed wand of create monster [0:11] an uncursed wand of create monster [0:13] an uncursed wand of digging [0:4] an uncursed wand of digging [0:4] an uncursed wand of magic missile [0:4] a cursed wand of magic missile [0:6] an uncursed wand of slow monster [0:7] an uncursed wand of slow monster [0:5] an uncursed wand of speed monster [0:4] an uncursed wand of speed monster [0:5] an uncursed wand of striking [0:4] an uncursed wand of striking [0:5] an uncursed blindfold an uncursed expensive camera [0:92] a blessed [magic] lamp named magic an uncursed leash an uncursed pair of lenses an uncursed [+0] pick-axe Contents of the sack: an uncursed bent wand [of nothing (0:4)] a cursed bent wand [of nothing (0:5)] an uncursed nickel wand [of make invisible (0:4)] an [uncursed] nickel wand [of make invisible (0:5)] an uncursed wand called mk inv or can or tel [of cancellation (0:4)] an uncursed wand called mk inv or can or tel [of cancellation (0:8)] an uncursed wand called mk inv or can or tel [of cancellation (0:6)] Spells known in the end: Name Level Category Fail Memory a - protection 1* clerical 0% [........] b - magic mapping 5 divination 94% [||||||||] c - fireball 4 attack 94% [||......] d - detect unseen 3 divination 89% [|||.....] e - detect treasure 4 divination 94% [|||.....] f - knock 1 matter 0% [|||.....] g - charm monster 3 enchantment 89% [||||....] h - force bolt 1 attack 0% [||||....] i - sleep 1 enchantment 0% [||||....] j - light 1 divination 0% [||||....] k - magic missile 2 attack 0% [||||....] l - restore ability 4 healing 50% [||||....] m - cure sickness 3 healing 0% [|||||||.] n - confuse monster 2 enchantment 0% [|||||||.] o - stone to flesh 3 healing 0% [|||||||.] Your skills at the end: Fighting Skills martial arts [Master / Grand Master] Weapon Skills shuriken [Expert / Expert] Spellcasting Skills healing spells [Basic / Expert] Final Attributes: You were the Glory of Arioch. You were piously aligned. Hunger level was 562. Your alignment was 129 / 129. Monster difficulty range was 2 - 12. Level difficulty was 12. You were immune to fire. You resisted cold. You were immune to sleep. You resisted electricity. You were immune to poison. You saw invisible. You were telepathic. You were warned. You had automatic searching. You were stealthy. You could teleport. You had slower digestion. You had reflection. You were extremely lucky (13). You had extra luck. Bad luck did not time out for you. Good luck did not time out for you. You are dead (2nd time!). Vanquished creatures: a minotaur a vampire lord a vampire 2 ghosts 2 giant mimics a doppelganger a large mimic 3 wumpuses a baby long worm a baby purple worm a stalker 8 giant zombies 4 water demons a warg 3 winter wolves 10 small mimics a glass piercer a warhorse 2 ettin mummies 2 quantum mechanics a troll a pyrolisk 2 large dogs 2 freezing spheres a flaming sphere 2 shocking spheres 2 large cats 2 gargoyles a dwarf king 2 tengu an ochre jelly 2 leocrottas 4 stone giants 2 human mummies 2 pythons a cobra 12 ettin zombies a leather golem 2 Grey-elves a succubus 2 chameleons a crocodile a giant beetle 2 quivering blobs 3 cockatrices 4 wolves a winter wolf cub a lynx 2 panthers 2 spotted jellies 3 leprechauns 2 orc-captains an iron piercer 2 mumakil 2 giant spiders a horse an ice vortex a black light 3 vampire bats 4 gnome kings 6 orc mummies 2 dwarf mummies a rust monster 4 owlbears 2 yetis a Green-elf 5 lizards 2 dogs a housecat 2 jaguars 4 dwarf lords 2 blue jellies a white unicorn 2 dust vortices 2 ravens a gnome mummy 3 snakes 5 water moccasins an ape 6 human zombies 3 rope golems 6 soldier ants a fire ant 4 snow ants 9 wood nymphs 8 water nymphs 7 mountain nymphs 11 Mordor orcs 5 Uruk-hai 3 rock piercers an enormous rat 2 rock moles 3 ponies 5 fog clouds 3 yellow lights a violet fungus 14 gnome lords 7 gnomish wizards 4 kobold mummies 2 golden naga hatchlings 2 guardian naga hatchlings 2 gray oozes a barrow wight 14 elf zombies a ghoul a straw golem 2 paper golems 2 wax golems 10 giant ants 3 little dogs 14 floating eyes a kitten 21 dwarves 2 kobold lords 4 kobold shamans 10 hill orcs 12 rothes a rabid rat 2 centipedes a giant bat 3 monkeys 3 orc zombies a dwarf zombie a wererat a werejackal 12 iguanas 37 killer bees 2 acid blobs 3 gas spores 12 hobbits 16 manes 3 hobgoblins 8 giant rats 3 cave spiders 3 brown molds 4 yellow molds 2 green molds 2 red molds 69 gnomes 26 Keystone Kops 8 garter snakes a gnome zombie 12 geckos 17 jackals 4 foxes 5 kobolds 4 goblins a sewer rat 13 grid bugs 5 bats 10 lichens 9 kobold zombies 10 newts 698 creatures vanquished. Voluntary challenges: You pretended to be a vegetarian. You used a wielded weapon 2 times. You read items or engraved 64 times. You put on armor 31 times. You never genocided any monsters. You never polymorphed an object. You never changed form. You used no wishes. You wrote Elbereth's name 22 times. You encountered 2 bones levels. You never used any Sokoban shortcuts. Dungeon overview: The Dungeons of Doom: levels 1 to 12 Level 1 a fountain, a sink a long staircase Level 3 an altar to Huan Ti stairs to The Gnomish Mines Level 4 a sink Level 6 a general store, some fountains Level 7 an altar to Huan Ti Level 8 (book stash) an altar to Huan Ti, some trees Level 9 many fountains Level 10 a potion shop stairs to Sokoban Level 11 a jewelry store, some fountains stairs to Town Level 12 <- You were here a fountain, some trees The Gnomish Mines: levels 4 to 12 Level 4 stairs to The Dungeons of Doom Level 7 many shops, a temple, a magic chest, some fountains Level 12 some fountains Sokoban: levels 7 to 9 Level 9 a magic chest stairs to The Dungeons of Doom Town: Level 10 stairs to The Dungeons of Doom History has recorded: On T:1 you entered the Dungeons of Doom to retrieve the Amulet of Yendor! On T:337 you advanced to experience level 2. On T:362 you reached level 2 of The Dungeons of Doom. On T:462 you advanced to experience level 3. On T:696 you reached level 3 of The Dungeons of Doom. On T:771 you advanced to experience level 4. On T:1014 you advanced to experience level 5. On T:2077 you advanced to experience level 6. On T:2088 you received Luck Blade from Huan Ti. On T:3667 you advanced to experience level 7. On T:6055 you received Orcrist from Huan Ti. On T:6146 you advanced to experience level 8. On T:7799 you reached level 4 of The Dungeons of Doom. On T:8363 you reached level 5 of The Dungeons of Doom. On T:8457 you reached level 6 of The Dungeons of Doom. On T:8848 you advanced to experience level 9. On T:9998 you were saved from death by your amulet of life saving! On T:10032 you reached level 7 of The Dungeons of Doom. On T:10370 you received 7 bamboo arrows of detonation from Huan Ti. On T:11003 you received a fireproof crossbow of frost from Huan Ti. On T:11341 you received Trollsbane from Huan Ti. On T:12361 you reached level 8 of The Dungeons of Doom. On T:12454 you advanced to experience level 10. On T:13323 you were chosen to steal souls for your god's glory! On T:13441 you reached level 9 of The Dungeons of Doom. On T:13836 you received advice from The Oracle. On T:13837 you received advice from The Oracle. On T:14149 you reached level 10 of The Dungeons of Doom. On T:14396 you reached level 3 of Sokoban. On T:15314 you reached level 2 of Sokoban. On T:15699 you reached level 1 of Sokoban. On T:17689 you advanced to experience level 11. On T:18732 you reached level 1 of The Gnomish Mines. On T:18818 you reached level 2 of The Gnomish Mines. On T:19167 you reached level 3 of The Gnomish Mines. On T:19226 you reached level 4 of The Gnomish Mines. On T:19841 you reached level 5 of The Gnomish Mines. On T:20334 you reached level 6 of The Gnomish Mines. On T:20393 you reached level 7 of The Gnomish Mines. On T:20473 you reached level 8 of The Gnomish Mines. On T:20622 you reached level 9 of The Gnomish Mines. On T:22451 you advanced to experience level 12. On T:22782 you reached level 11 of The Dungeons of Doom. On T:22923 you reached level 3 of Town. On T:23643 you reached level 12 of The Dungeons of Doom. Latest messages: The cockatrice misses. The cockatrice touches you! You hear the cockatrice's hissing! You hit the cockatrice! You are slowing down. You kill the cockatrice! Your limbs are stiffening. z - an uncursed lizard corpse. The wax golem hits! The wax golem touches you! Your limbs have turned to stone. [HP-1=88] The wax golem misses. (2x) You have turned to stone. [HP+1=89] The wax golem hits! The wax golem touches you! You are a statue. Final status: Punardarsanaya groovejumper the Monk... You turned to stone in The Dungeons of Doom on dungeon level 12 with 8704 points, and 6086 pieces of gold, after 23974 moves. You were level 12 with a maximum of 89 hit points when you turned to stone.